Map: Winter Madness LE

Players

KampfHeld

  • Race: Terran Terran
  • League: Master
  • Spawn Location: 11:00

gunner - Winner!

  • Race: Terran Terran
  • League: Grandmaster
  • Spawn Location: 5:00

VOD

Have the link to the VOD?

Description

Time

  • Played on: May 30, 2026, 12:20 p.m.
  • Length: 3:33
Show
View Real Time Build Order
Export as new Build Order

KampfHeld Terran 

Build Orders:  

Get SALT Encoding   

  12  0:00  SCV  
  13  0:12  SCV  
  14  0:17  Supply Depot  
  14  0:25  SCV  
  15  0:39  SCV  
  15  0:40  Barracks  
  16  0:44  Refinery  
  16  0:51  SCV  
  17  1:01  Refinery  
  17  1:03  SCV  
  18  1:15  SCV  
  19  1:27  Reaper  
  19  1:28  Orbital Command  
  19  1:30  Supply Depot  
  20  1:47  Factory  
  21  1:54  SCV  
  21  1:59  Reaper  
  22  2:06  SCV  
  23  2:18  SCV  
  23  2:20  Command Center  
  22  2:30  SCV  
  22  2:32  Marine  
  22  2:44  Hellion  
  23  2:52  Reaper  
  22  2:59  SCV  
  23  3:05  Hellion  
  23  3:16  SCV  
Show
View Real Time Build Order
Export as new Build Order

gunner Terran - Winner!

Build Orders:  

Get SALT Encoding   

  12  0:00  SCV  
  13  0:12  SCV  
  14  0:21  Supply Depot  
  14  0:24  SCV  
  15  0:44  Barracks  
  15  0:49  Refinery  
  15  0:56  Barracks  
  15  0:59  SCV  
  16  1:09  Refinery  
  16  1:11  SCV  
  17  1:32  Reaper, Barracks  
  18  1:38  SCV  
  19  1:43  Reaper  
  20  1:53  Supply Depot  
  20  2:03  SCV  
  20  2:04  Reaper  
  22  2:15  Reaper  
  23  2:19  Reaper  
  24  2:36  Reaper  
  24  2:43  SCV  
  24  2:47  Reaper  
  25  2:51  Reaper  
Tags
 
Add a new tag
Caveats
  • Supply blocks, unpowered buildings, or Contaminate may cause inaccurate times.
  • Supply counts are checked every 10 seconds.